 Dungeon Crawl Stone Soup version 0.18-a0-1577-gf591c28 (webtiles) character file.

323 Ijustatesigmund the Insei (level 6, 0/43 HPs)
             Began as an Octopode Transmuter on Mar 18, 2016.
             Slain by a ball python (1 damage)
             ... on level 4 of the Dungeon.
             The game lasted 00:12:43 (3204 turns).

Ijustatesigmund the Insei (Octopode Transmuter)     Turns: 3204, Time: 00:12:44

Health: 0/43       AC:  1    Str:  9    XL:     6   Next: 47%
Magic:  7/9        EV:  7    Int: 18    God:
Gold:   176        SH:  2    Dex: 12    Spells: 3 memorised, 3 levels left

rFire  . . .     SeeInvis .       - Unarmed
rCold  . . .     Gourm    .     (no shield)
rNeg   . . .     Faith    .     (helmet restricted)
rPois  .         Spirit   .     e - +2 amulet of reflection
rElec  .         Dismiss  .     (no ring)
rCorr  .         Reflect  +     (no ring)
SustAt .         Harm     .     (no ring)
MR     .....                    (no ring)
Stlth  ++........               (no ring)
                                (no ring)
                                (no ring)
                                (no ring)

@: appendage, not resistant to hostile enchantments, unstealthy
A: almost no armour, amphibious, 8 rings, constrict 8, tentacle spike 3,
camouflage 1, gelatinous body 1
a: End Transformation


You were on level 4 of the Dungeon.
You were not hungry.
One of your tentacles had a temporary spike.
You visited 1 branch of the dungeon, and saw 4 of its levels.

You collected 176 gold pieces.

Inventory:

Missiles
 a - 22 arrows
 g - 17 tomahawks (quivered)
 i - 2 silver tomahawks
Jewellery
 e - a +2 amulet of reflection (around mantle)
Scrolls
 h - 2 scrolls of recharging
Potions
 k - a potion of mutation
Books
 b - a book of Changes

   Spells                             Type                      Level
   a - Beastly Appendage              Transmutation                1
   b - Sticks to Snakes               Transmutation                2
   c - Spider Form                    Transmutation/Poison         3
   d - Ice Form                       Ice/Transmutation            4
   e - Blade Hands                    Transmutation                5
Comestibles
 c - a bread ration
 f - a meat ration


   Skills:
 + Level 4.0 Fighting
 - Level 2.0 Dodging
 + Level 5.1 Unarmed Combat
 - Level 2.0 Spellcasting
 + Level 2.5 Transmutations
 - Level 2.0 Poison Magic


You had 3 spell levels left.
You knew the following spells:

 Your Spells              Type           Power        Failure   Level  Hunger
a - Beastly Appendage     Trmt           ##....       8%          1    #......
b - Sticks to Snakes      Trmt           ##......     12%         2    ###....
c - Spider Form           Trmt/Pois      ##........   24%         3    ###....


Dungeon Overview and Level Annotations

Branches:
Dungeon (4/15)
 Temple: D:4-7

Altars:
Ru

Annotations:
D:4 M4edhros's ghost, amateur OpWn


Innate Abilities, Weirdness & Mutations

You cannot wear most types of armour.
You are amphibious.
You can wear up to eight rings at the same time.
You can use your tentacles to constrict eight enemies at once.
Your skin changes colour to match your surroundings (Stealth).
Your rubbery body absorbs attacks (AC +1).
One of your tentacles bears a large vicious spike.


Message History

The jackal barks!
Your squeeze misses M4edhros's ghost.
M4edhros's ghost is severely damaged.
M4edhros's ghost stares at you and mumbles some strange words.
You are frozen.
* * * LOW HITPOINT WARNING * * *
The ball python barely misses you.
* * * LOW HITPOINT WARNING * * *
The ball python constricts you.
A jackal comes into view.
Drink which item? (? for menu, Esc to quit)
You feel better. M4edhros's ghost hits you!
* * * LOW HITPOINT WARNING * * *
The ball python bites you.
* * * LOW HITPOINT WARNING * * *
x2 The ball python constricts you.
You escape the ball python's grasp.
M4edhros's ghost hits you.
* * * LOW HITPOINT WARNING * * *
The ball python bites you.
You die...

.....(.#. .. . .....$...
#....####........
#.hS.......(.....
.!...#.....(...
....h..#.....
....#h..W.# ........#@.#
.....#...S## #
....##..[.###### .## #
#..###........##..##.
...#... #...............
#..#..##.#.............
#.....................
##............รท.......
......##.#.....>.......#


You could see M4edhros's ghost, an adder (wandering), 3 jackals and a ball
python.

Vanquished Creatures
  The ghost of Ijustatesigmund the Insei, an amateur OpTm (D:3)
  A hound (D:3)
  2 orc priests (D:3)
  An orc wizard (D:4)
  3 adders
  A worm (D:3)
  3 dart slugs
  10 orcs
  2 giant cockroaches (D:3)
  6 hobgoblins
  2 jackals (D:4)
  2 quokkas
  7 bats
  3 giant newts
  5 goblins
  6 kobolds (D:3)
  8 rats
63 creatures vanquished.

Vanquished Creatures (collateral kills)
  2 worms (D:2)
  2 giant cockroaches
  2 hobgoblins (D:1)
  A kobold (D:2)
7 creatures vanquished.

Grand Total: 70 creatures vanquished

Notes
Turn   | Place    | Note
--------------------------------------------------------------
     0 | D:1      | Ijustatesigmund the Octopode Transmuter began the quest for the Orb.
     0 | D:1      | Reached XP level 1. HP: 13/13 MP: 3/3
   489 | D:1      | Reached XP level 2. HP: 13/18 MP: 5/5
   493 | D:1      | Learned a level 2 spell: Sticks to Snakes
   975 | D:2      | Found a faded altar to an unknown god.
  1158 | D:2      | Reached XP level 3. HP: 24/24 MP: 4/6
  1392 | D:2      | Found a sacrificial altar of Ru.
  1857 | D:3      | Learned a level 3 spell: Spider Form
  1866 | D:3      | Reached skill level 4 in Unarmed Combat
  1866 | D:3      | Reached XP level 4. HP: 28/30 MP: 3/7
  2137 | D:3      | Noticed Ijustatesigmund's ghost (amateur OpTm)
  2161 | D:3      | Killed Ijustatesigmund's ghost
  2161 | D:3      | Reached XP level 5. HP: 32/36 MP: 8/8
  2610 | D:3      | Reached XP level 6. HP: 36/42 MP: 2/9
  2617 | D:3      | Reached skill level 5 in Unarmed Combat
  3169 | D:4      | Noticed M4edhros's ghost (amateur OpWn)
  3203 | D:4      | HP: 2/43 [ball python (1)]
  3204 | D:4      | Slain by a ball python

Vault maps used:
D:1:      nagdon_arrival_double_spiral
D:2:      hangedman_ru_absence, ecumenical_altar_1
D:3:      kennysheep_big_flooded_room
D:4:      minmay_door_square, minmay_tree_intersection

Skill      XL: |  1  2  3  4  5  6 |
---------------+-------------------+-----
Fighting       | 2 3 4 |  4.0
Unarmed Combat | 4 5 |  5.1
Poison Magic   | 2 |  2.0
Dodging        | |  2.0
Spellcasting   | |  2.0
Transmutations | |  2.5

Action                   |  1- 3 |  4- 6 || total
-------------------------+-------+-------++-------
Melee: Unarmed           |    56 |   103 ||   159
Throw: Tomahawk          |       |     5 ||     5
 Cast: Beastly Appendage |     6 |     9 ||    15
       Sticks to Snakes  |     6 |     8 ||    14
       Spider Form       |     1 |     1 ||     2
  Use: Scroll            |     6 |     2 ||     8
       Potion            |     1 |     4 ||     5
 Stab: Sleeping          |     5 |     2 ||     7
       Distracted        |       |     1 ||     1
  Eat: Chunk             |     3 |     4 ||     7
       Royal jelly       |       |     1 ||     1
